 Dungeon Crawl Stone Soup version 0.19-a0-503-g45a6586 (webtiles) character file.

399 tyrsky the Ruffian (level 6, -8/34 HPs)
             Began as a Gargoyle Transmuter on June 5, 2016.
             Mangled by an ogre
             ... wielding a +0 giant spiked club
              (20 damage)
             ... on level 5 of the Dungeon.
             The game lasted 00:11:16 (4106 turns).

tyrsky the Ruffian (Gargoyle Transmuter)            Turns: 4106, Time: 00:11:17

Health: -8/34      AC:  8    Str: 14    XL:     6   Next: 84%
Magic:  0/10       EV: 12    Int: 16    God:
Gold:   145        SH:  0    Dex: 11    Spells: 1 memorised, 10 levels left

rFire  . . .     SeeInvis .       - Unarmed
rCold  . . .     Gourm    .     b - +0 robe
rNeg   + . .     Faith    .     (no shield)
rPois  ∞         Spirit   +     (no helmet)
rElec  +         Dismiss  .     y - +1 cloak
rCorr  .         Reflect  .     (no gloves)
SustAt .         Harm     .     (boots currently unavailable)
MR     .....                    v - amulet of guardian spirit
Stlth  +.........               w - ring of loudness (curse)
                                k - +2 ring of intelligence

@: appendage, not resistant to hostile enchantments, very unstealthy
A: talons 3, negative energy resistance 1, electricity resistance, unbreathing,
petrification resistance, rot immunity, AC +4
a: End Transformation


You were on level 5 of the Dungeon.
You were not hungry.
You had grown temporary talons.
You visited 1 branch of the dungeon, and saw 5 of its levels.

You collected 145 gold pieces.

Inventory:

Missiles
 a - 78 arrows
Armour
 b - a +0 robe (worn)
 y - a +1 cloak (worn)
Jewellery
 k - a +2 ring of intelligence (left hand)
 n - a +2 ring of strength {unknown}
 v - an amulet of guardian spirit (around neck)
 w - a cursed ring of loudness (right hand)
Wands
 p - a wand of slowing (42/48)
Scrolls
 e - a scroll of fog
 g - 3 scrolls of amnesia
 h - a scroll of blinking
 i - 2 scrolls of identify {@*1}
 u - a scroll of random uselessness
Potions
 j - a potion of haste
 m - a potion of might
 o - 2 potions of curing
 q - a potion of flight {unknown}
 t - a potion of agility {unknown}
 z - a potion of brilliance {unknown}
Books
 c - a book of Changes

   Spells                             Type                      Level
   a - Beastly Appendage              Transmutation                1
   b - Sticks to Snakes               Transmutation                2
   c - Spider Form                    Transmutation/Poison         3
   d - Ice Form                       Ice/Transmutation            4
   e - Blade Hands                    Transmutation                5
Comestibles
 d - 7 bread rations
 f - 9 fruits
 l - a slice of pizza
 s - 3 meat rations


   Skills:
 - Level 1.2 Fighting
 - Level 1.9 Dodging
 * Level 4.0 Stealth
 + Level 4.5 Unarmed Combat
 + Level 3.2 Spellcasting
 + Level 3.0 Transmutations


You had 10 spell levels left.
You knew the following spells:

 Your Spells              Type           Power        Failure   Level  Hunger
a - Beastly Appendage     Tmut           ##....       8%          1    None


Dungeon Overview and Level Annotations

Branches:
Dungeon (5/15)
 Temple: D:4-7

Altars:
Ashenzari
Dithmenos
Fedhas
Hepliaklqana
Makhleb
Qazlal
Vehumet
Xom
Yredelemnul

Shops:
D:4 *

Annotations:
D:2 exclusion: oklob plant


Innate Abilities, Weirdness & Mutations

You are resistant to torment.
Your stone body is resilient. (AC +4)
You are immune to poison.
You resist negative energy. (rN+)
You are resistant to electric shocks. (rElec)
You can survive without breathing.
You are immune to petrification.
You are immune to rotting.
You have claws for feet.


Message History

Your feet morph into talons.
The adder skeleton closely misses you.
You hit the adder skeleton. Your kick misses the adder skeleton.
The adder skeleton closely misses you.
You hit the adder skeleton. The adder skeleton closely misses you.
You hit the adder skeleton.
You destroy the adder skeleton!
You hit the ogre. You claw the ogre.
The ogre is lightly wounded.
The ogre hits you with a giant spiked club!
* * * LOW HITPOINT WARNING * * *
You hit the ogre but do no damage.
The ogre is lightly wounded.
You punch the ogre!
The ogre is heavily wounded.
The ogre hits you but does no damage.
You completely miss the ogre. You claw the ogre.
The ogre is heavily wounded.
The ogre hits you with a giant spiked club!!
Ouch! That really hurt!
You die...

##. #.#...#..# ....
#.#...#..# ...
...P.#..<..#..# ..
.P.P....##....#...
..Z.###.....#...#
##
...#.......#.####
..........#.>....#.
.........Z#........
......#..sZO9.....#
......#...Z##.....#
....".###### ######
....P. =.. ##. ....
####....


You could see an ogre, a scorpion, a jackal zombie, a giant frog zombie and a
centaur zombie.

Vanquished Creatures
  A centaur (D:5)
  A hound (D:4)
  An orc wizard (D:3)
  A giant frog skeleton (D:5)
  A worker ant (D:4)
  A hound zombie (D:5)
  A hound skeleton (D:4)
  Robin (D:2)
  6 adders
  An adder skeleton (D:5)
  4 worms
  2 dart slugs (D:1)
  7 giant geckos
  5 orcs (D:3)
  4 giant cockroaches
  23 goblins
  8 hobgoblins
  2 jackals (D:2)
  8 bats
  A giant newt (D:3)
  4 kobolds
  7 rats
90 creatures vanquished.

Vanquished Creatures (others)
  11 toadstools (D:2)
11 creatures vanquished.

Grand Total: 101 creatures vanquished

Notes
Turn   | Place    | Note
--------------------------------------------------------------
     0 | D:1      | tyrsky the Gargoyle Transmuter began the quest for the Orb.
     0 | D:1      | Reached XP level 1. HP: 12/12 MP: 3/3
   464 | D:1      | Reached XP level 2. HP: 16/16 MP: 5/5
   969 | D:1      | Reached XP level 3. HP: 18/20 MP: 6/6
  1505 | D:2      | Found a shattered altar of Ashenzari.
  1635 | D:2      | Reached skill level 1 in Stealth
  1635 | D:2      | Reached XP level 4. HP: 18/25 MP: 5/7
  1895 | D:2      | Noticed Robin
  1937 | D:2      | Killed Robin
  1940 | D:2      | HP: 1/25 [goblin/uncursed dagger[Robin] (5)]
  2046 | D:2      | Found a stormy altar of Qazlal.
  2046 | D:2      | Found a hazy altar of Hepliaklqana.
  2169 | D:2      | Found a blossoming altar of Fedhas.
  2186 | D:2      | Noticed an oklob plant
  2284 | D:3      | Found a shimmering altar of Xom.
  2494 | D:3      | Reached XP level 5. HP: 29/29 MP: 1/8
  3346 | D:4      | Found a radiant altar of Vehumet.
  3347 | D:4      | Found a burning altar of Makhleb.
  3444 | D:4      | Found a shadowy altar of Dithmenos.
  3495 | D:4      | Found Qecimn's Assorted Antiques.
  3510 | D:4      | Reached XP level 6. HP: 14/34 MP: 5/10
  3557 | D:5      | Entered Level 5 of the Dungeon
  4034 | D:4      | Found a basalt altar of Yredelemnul.
  4106 | D:5      | Mangled by an ogre

Vault maps used:
D:1:      dpeg_arrival_signposts, patterned_corridor
D:2:      gammafunk_temple_overflow_elements, evilmike_ruin_ashenzari,
          first_bread, tgw_fedhas, uniq_robin
D:3:      xom_teletrap_fun, supply_closet_lemuel, kennysheep_generic_room_7
D:4:      grunt_temple_overflow_lords_of_destruction, kennysheep_little_box,
          nicolae_overflow_hidden_temple, lemuel_coloured_pillars_altar,
          serial_shops, nicolae_shop_crystal
D:5:      serial_undead, serial_undead_a, serial_undead_d, serial_undead_c,
          serial_undead_b

Skill      XL: |  1  2  3  4  5  6 |
---------------+-------------------+-----
Transmutations | 2 3 |  3.0
Stealth        | 1 2 3 4 |  4.0
Unarmed Combat | 4 |  4.5
Spellcasting   | 3 |  3.2
Fighting       | |  1.2
Dodging        | |  1.9

Action                   |  1- 3 |  4- 6 || total
-------------------------+-------+-------++-------
Melee: Unarmed           |   150 |   345 ||   495
       Punch             |     2 |     6 ||     8
       Headbutt          |     1 |    14 ||    15
       Kick              |     4 |    26 ||    30
 Cast: Beastly Appendage |     3 |    20 ||    23
  Use: Potion            |       |     2 ||     2
       Scroll            |       |    11 ||    11
 Stab: Sleeping          |       |     3 ||     3
  Eat: Chunk             |     2 |     5 ||     7
       Bread ration      |       |     1 ||     1
       Beef jerky        |       |     1 ||     1
Armor: Robe              |    65 |   139 ||   204
Dodge: Dodged            |   120 |   204 ||   324
